[Event "Titled Tuesday Blitz June 6 Early 2023"]
[White "Lopez Idarraga, Daniel Eduardo"]
[Black "Hua, Lefong"]
[WhiteFideId "4405501"]
[BlackFideId "2602253"]
[WhiteElo "1980"]
[BlackElo "2640"]
[Result "0-1"]
[Round "5"]
[TimeControl "180+2"]
[Date "2023.06.06"]
[WhiteClock "0:00:01"]
[BlackClock "0:00:13"]
[Board "72"]

1. d4 Nf6 2. Bf4 g6 3. e3 Bg7 4. Nf3 O-O 5. Be2 d6 6. h3 c5 7. c3 b6 8. O-O Bb7 9. Bh2 Nbd7 10. Nbd2 a6 11. a4 Qc7 12. Qb3 Bc6 13. Rfe1 Qb7 14. Bf1 b5 15. axb5 axb5 16. Rec1 c4 17. Qd1 Nb6 18. Rxa8 Rxa8 19. Ra1 Na4 20. Qb1 Ne4 21. Nxe4 Bxe4 22. Qc1 f5 23. Nd2 Bd5 24. Qc2 e5 25. b3 cxb3 26. Nxb3 Rc8 27. Na5 Qb6 28. Rxa4 bxa4 29. Qxa4 Ra8 30. Nc4 Qc6 31. Qxc6 Bxc6 32. Nxd6 Ra1 33. f3 exd4 34. cxd4 Bd5 35. Kf2 Ra2+ 36. Kg3 Bh6 37. Bc4 Bxc4 38. Nxc4 Rc2 39. Na3 Rc3 40. Nb5 Rxe3 41. Kf2 Rb3 42. Nc7 Rb2+ 43. Kf1 Rc2 44. Be5 Bg7 45. Ne6 Bxe5 46. dxe5 Kf7 47. Ng5+ Kg7 48. f4 h6 49. Nf3 Kf7 50. Nd4 Rd2 51. Nf3 Rb2 52. Kg1 Ke7 53. Kh2 Rb4 54. Kg3 Re4 55. h4 Re3 56. Kf2 Ra3 57. g3 Ra4 58. Kg2 Ke6 59. Kh3 Kd5 60. Ng1 Ke4 61. Ne2 Ra3 62. Nc1 Re3 63. Na2 Kf3 64. Nb4 Kf2 65. Nd5 Rxg3+ 66. Kh2 Rd3 67. Ne7 g5 68. hxg5 hxg5 69. fxg5 Re3 70. Nxf5 Rxe5 71. Nh4 Rxg5 72. Kh3 Rg8 73. Nf5 Kf3 74. Nh4+ Kf4 75. Ng2+ Kf5 76. Kh2 Rh8+ 77. Kg1 Ke4 78. Kf2 Ra8 79. Kg3 Rg8+ 80. Kf2 Rg7 81. Ne1 Kf4 82. Ng2+ Ke4 83. Ne1 Rd7 84. Ng2 Kf5 85. Kf3 Rd3+ 86. Ne3+ Ke5 87. Ke2 Ke4 88. Ng2 Ra3 89. Kf2 Rb3 90. Ke2 Rb2+ 91. Kf1 Kf3 92. Ne1+ Kg3 93. Nd3 Ra2 94. Ke1 Kf3 95. Kd1 Ke3 96. Nc1 Rh2 97. Nb3 Kd3 98. Nc5+ Kc4 99. Ne4 Kd4 100. Nd2 Kd3 101. Nf3 Rh1+ 102. Ne1+ Ke3 103. Kc2 Rxe1 0-1


[Site "https://www.chess.com"]

[Event "Titled Tuesday Blitz June 6 Early 2023"]
[White "Gavrilov, Maxim"]
[Black "Bashirli, Saadat"]
[WhiteFideId "24271454"]
[BlackFideId "13429990"]
[WhiteElo "1969"]
[BlackElo "1408"]
[Result "1/2-1/2"]
[Round "5"]
[TimeControl "180+2"]
[Date "2023.06.06"]
[WhiteClock "0:00:10"]
[BlackClock "0:00:09"]
[Board "73"]

1. d4 d5 2. c4 e6 3. Nc3 c6 4. e4 dxe4 5. Nxe4 Bb4+ 6. Bd2 Qxd4 7. Bxb4 Qxe4+ 8. Be2 Na6 9. Bd6 Bd7 10. Nf3 Nf6 11. O-O h5 12. Re1 Qg6 13. Ne5 Qg5 14. Qd4 c5 15. Bxc5 Nxc5 16. Qxc5 Rc8 17. Qd4 Bc6 18. Nxc6 bxc6 19. Bf3 O-O 20. Re5 Qg6 21. Qxa7 h4 22. h3 Rfd8 23. Rae1 Ra8 24. Qb6 Nd7 25. Qc7 Nxe5 26. Rxe5 Rd2 27. Bxc6 Rf8 28. Be4 Qf6 29. Bf3 Rfd8 30. Re1 Qxb2 31. a4 Qa2 32. a5 R2d7 33. Qc5 Qd2 34. Ra1 Qc3 35. Rf1 Rd4 36. a6 Rxc4 37. Qe7 Rf8 38. a7 Ra4 39. a8=Q Raxa8 40. Bxa8 Rxa8 41. Qxh4 Qf6 42. Qe4 Re8 43. Rd1 Rd8 44. Re1 Qd4 45. Qf3 Qd2 46. Re4 Qd1+ 47. Qxd1 Rxd1+ 48. Kh2 Rd5 49. Kg3 Kf8 50. f3 Ke7 51. Rg4 Kf6 52. Ra4 Rb5 53. h4 Rc5 54. Rf4+ Rf5 55. Rxf5+ Kxf5 56. Kf2 Kg6 57. g4 Kf6 58. Ke3 Kg6 59. Kd4 Kf6 60. f4 Ke7 61. Kc5 Kf6 62. Kd6 g6 63. Kd7 Kg7 64. g5 Kg8 65. Ke8 Kg7 66. Ke7 Kg8 67. Kd8 Kg7 68. Ke8 Kg8 69. Ke7 Kg7 70. Kd6 Kg8 71. Ke5 Kg7 72. Kd6 Kg8 73. Kd7 Kg7 74. Ke7 Kg8 75. Kf6 Kf8 76. Ke5 Ke7 77. Ke4 Kf8 78. Kd4 Kg7 79. Ke3 Kg8 80. Kf3 Kg7 81. Kg4 Kg8 82. h5 gxh5+ 83. Kxh5 Kg7 84. Kh4 Kg6 85. Kg4 Kg7 86. Kg3 Kg6 87. Kf3 Kf5 88. Kg3 Kg6 89. Kg4 f6 90. gxf6 Kxf6 91. Kg3 Kf5 92. Kf3 e5 93. fxe5 Kxe5 1/2-1/2


[Site "https://www.chess.com"]

[Event "Titled Tuesday Blitz June 6 Early 2023"]
[White "Streltsov, Alexey"]
[Black "Rosh Jain"]
[WhiteFideId "24104434"]
[BlackFideId "25789465"]
[WhiteElo "2544"]
[BlackElo "2233"]
[Result "1-0"]
[Round "5"]
[TimeControl "180+2"]
[Date "2023.06.06"]
[WhiteClock "0:00:43"]
[BlackClock "0:00:06"]
[Board "74"]

1. d4 Nf6 2. Nc3 d5 3. Bf4 e6 4. Nb5 Na6 5. e3 c6 6. Nc3 Bd6 7. Bxd6 Qxd6 8. Bxa6 bxa6 9. Na4 Nd7 10. Nf3 c5 11. dxc5 Nxc5 12. Nxc5 Qxc5 13. Qd4 Qxd4 14. Nxd4 Bd7 15. Kd2 O-O 16. b4 Rab8 17. a3 a5 18. c3 a4 19. f4 Rbc8 20. Rhg1 Rc4 21. g4 Rfc8 22. Ne2 Bb5 23. Nd4 Ba6 24. Rac1 Bb7 25. g5 Kf8 26. h4 Ke7 27. h5 g6 28. hxg6 hxg6 29. Rh1 Rd8 30. Rh7 Rcc8 31. Rch1 Rg8 32. R1h2 Ba6 33. Nf3 Bb5 34. Ne5 Rcf8 35. R2h6 Ke8 36. e4 d4 37. c4 Ba6 38. Kd3 Bb7 39. Kxd4 Ba8 40. c5 Kd8 41. Nxf7+ Kc8 42. Nd6+ Kb8 43. Ke5 Bc6 44. Re7 a6 45. Rhh7 a5 46. b5 Bxe4 47. Kxe4 Rxf4+ 48. Kxf4 Rf8+ 49. Ke4 e5 50. Rb7+ Ka8 51. Ra7+ Kb8 52. Rhb7# 1-0


[Site "https://www.chess.com"]

[Event "Titled Tuesday Blitz June 6 Early 2023"]
[White "Tejedor Fuente, Enrique"]
[Black "Chernomordik, Pavel"]
[WhiteFideId "2299100"]
[BlackFideId "2804530"]
[WhiteElo "2496"]
[BlackElo "2193"]
[Result "1-0"]
[Round "5"]
[TimeControl "180+2"]
[Date "2023.06.06"]
[WhiteClock "0:00:12"]
[BlackClock "0:00:01"]
[Board "75"]

1. d4 g6 2. h4 h6 3. h5 g5 4. f4 gxf4 5. Bxf4 Bg7 6. Nf3 c5 7. e3 d6 8. Nc3 cxd4 9. exd4 Bg4 10. Bb5+ Nd7 11. Qd2 a6 12. Bc4 Ngf6 13. Bb3 Bxh5 14. O-O-O Qa5 15. Kb1 Bg6 16. Nh4 Bh7 17. Nf3 O-O-O 18. Bxh6 Bxh6 19. Rxh6 Qf5 20. Rdh1 e6 21. a4 Rhg8 22. a5 Bg6 23. Nh4 Qxa5 24. Nxg6 Rxg6 25. Rxg6 fxg6 26. Bxe6 Kb8 27. Qf4 Qc7 28. g4 Rf8 29. g5 Nh5 30. Qg4 Nb6 31. Qd1 Nf4 32. Bb3 Nh5 33. Re1 Ka7 34. Qd3 Nf4 35. Qe4 Nc4 36. Bxc4 Qxc4 37. d5 Qxe4 38. Rxe4 Nh3 39. Re6 Nxg5 40. Rxg6 Nf3 41. Rxd6 Re8 42. Re6 Rh8 43. Re2 Nd4 44. Rd2 Nf5 45. b3 Nd6 46. Kb2 b5 47. Re2 Kb6 48. Re6 Kc7 49. Ne4 Nxe4 50. Rxe4 Rd8 51. c4 Kd6 52. Kc3 Rc8 53. Kd4 1-0


[Site "https://www.chess.com"]

[Event "Titled Tuesday Blitz June 6 Early 2023"]
[White "Fier, Alexandr"]
[Black "Tokman, Ariel"]
[WhiteFideId "2107139"]
[BlackFideId "117420"]
[WhiteElo "2610"]
[BlackElo "2263"]
[Result "0-1"]
[Round "5"]
[TimeControl "180+2"]
[Date "2023.06.06"]
[WhiteClock "0:01:32"]
[BlackClock "0:00:09"]
[Board "76"]

1. d4 Nf6 2. Bg5 e6 3. e4 c5 4. d5 h6 5. Bxf6 Qxf6 6. Nc3 d6 7. Nf3 a6 8. e5 dxe5 9. Ne4 Qd8 10. c4 f5 11. Nxe5 h5 12. Nc3 Bd6 13. Nf3 e5 14. h4 Nd7 15. Ng5 Nf6 16. Qc2 Qe7 17. O-O-O Bd7 18. g3 O-O-O 19. f3 Kb8 20. Bh3 g6 21. Rhe1 Nh7 22. f4 Nxg5 23. hxg5 e4 24. Qf2 h4 25. Ne2 hxg3 26. Qxg3 Qh7 27. Bg2 Qh2 28. Qf2 Qh7 29. Kb1 Rde8 30. Rh1 Qg7 31. Qe3 Rxh1 32. Rxh1 Rh8 33. Rh3 Rxh3 34. Qxh3 Ka7 35. Qh6 Qxh6 36. gxh6 Bf8 37. h7 Bg7 38. Ng3 Kb8 39. a3 Kc7 40. b4 b6 41. Kc2 Kd6 42. Bh3 Ke7 43. Kb3 Be8 44. a4 a5 45. bxc5 bxc5 46. Ne2 Bf6 47. Kc2 Kf7 48. Nc1 Kg7 49. Nb3 Bxa4 50. d6 Kxh7 51. d7 Kg7 52. d8=Q Bxd8 53. Kb2 Bxb3 54. Ka3 Bxc4 55. Ka4 Bd3 56. Bg2 Bc7 57. Kb3 Bxf4 58. Kc3 Kf6 59. Kb2 Be5+ 60. Kc1 f4 61. Kd2 Kf5 62. Ke1 g5 63. Kf2 g4 64. Ke1 Bd4 65. Kd2 f3 66. Bh1 Kf4 67. Ke1 g3 68. Bxf3 exf3 69. Kd2 g2 0-1


[Site "https://www.chess.com"]

[Event "Titled Tuesday Blitz June 6 Early 2023"]
[White "Quintiliano Pinto, Renato R."]
[Black "Vyatkin, Dmitry"]
[WhiteFideId "2117568"]
[BlackFideId "4171900"]
[WhiteElo "2459"]
[BlackElo "2279"]
[Result "1-0"]
[Round "5"]
[TimeControl "180+2"]
[Date "2023.06.06"]
[WhiteClock "0:00:16"]
[BlackClock "0:00:14"]
[Board "77"]

1. e4 e6 2. d4 d5 3. Nd2 c5 4. exd5 Qxd5 5. dxc5 Bxc5 6. Ngf3 Nf6 7. Bc4 Qd6 8. Qe2 Qc7 9. O-O Nbd7 10. a4 O-O 11. a5 Bd6 12. Nb3 Ne5 13. Nxe5 Bxe5 14. h3 Bd7 15. Bd3 Bc6 16. Nd2 Bh2+ 17. Kh1 Bf4 18. Nc4 Rfd8 19. Kg1 Rac8 20. Be3 Bb5 21. b3 Bxe3 22. Qxe3 Qc5 23. Qg3 Rd5 24. Rfe1 Rg5 25. Qe3 Qxe3 26. Rxe3 Nd5 27. Rf3 Rd8 28. Re1 Nb4 29. Be4 Bxc4 30. bxc4 Rxa5 31. Rb3 Ra4 32. Bxb7 Nxc2 33. Rc1 Rxc4 34. Ba6 Nd4 35. Bxc4 Nxb3 36. Bxb3 g6 37. Rc7 a5 38. Ra7 Rb8 39. Ba4 Rb5 40. Bxb5 1-0


[Site "https://www.chess.com"]

[Event "Titled Tuesday Blitz June 6 Early 2023"]
[White "Xu, Daniel"]
[Black "Tristan, Leonardo"]
[WhiteFideId "2627345"]
[BlackFideId "113816"]
[WhiteElo "1980"]
[BlackElo "2461"]
[Result "0-1"]
[Round "5"]
[TimeControl "180+2"]
[Date "2023.06.06"]
[WhiteClock "0:00:01"]
[BlackClock "0:00:11"]
[Board "78"]

1. e4 d5 2. exd5 Qxd5 3. Nc3 Qa5 4. d4 Nf6 5. Nf3 Bf5 6. Bc4 e6 7. O-O Bb4 8. Bd2 Nc6 9. a3 Bxc3 10. Bxc3 Qb6 11. d5 O-O-O 12. Nd4 Nxd5 13. Nxf5 Nxc3 14. Qf3 Qxb2 15. Ne3 Ne5 16. Qf4 Nxc4 17. Qxc4 Kb8 18. h3 Rd4 19. Qc5 Rhd8 20. Kh2 Ne4 21. Rfb1 Nxc5 22. Rxb2 Rd2 23. Rf1 Ne4 24. Kg1 Nc3 25. Rb3 Ne2+ 26. Kh2 Nd4 27. Rc3 Nb5 28. Rb3 Nd6 29. Rfb1 Rxf2 30. Kg3 Rd2 31. Kf3 b6 32. a4 a5 33. g4 h6 34. Rd3 Rxd3 35. cxd3 Nb7 36. Ke2 Nc5 37. Nc4 Nxa4 38. Kd2 Rd5 0-1


[Site "https://www.chess.com"]

[Event "Titled Tuesday Blitz June 6 Early 2023"]
[White "Wagner, Dennis"]
[Black "Turzo, Attila"]
[WhiteFideId "24650684"]
[BlackFideId "704954"]
[WhiteElo "2478"]
[BlackElo "2485"]
[Result "1-0"]
[Round "5"]
[TimeControl "180+2"]
[Date "2023.06.06"]
[WhiteClock "0:01:37"]
[BlackClock "0:00:57"]
[Board "79"]

1. d4 Nf6 2. c4 g6 3. Nc3 Bg7 4. e4 O-O 5. Be2 d6 6. Nf3 e5 7. O-O Nc6 8. d5 Ne7 9. Ne1 Ne8 10. Nd3 f5 11. Bd2 f4 12. Bg4 g5 13. Bxc8 Rxc8 14. f3 h5 15. Rc1 Qd7 16. h3 Nf6 17. Qa4 Qxa4 18. Nxa4 c5 19. b4 b6 20. bxc5 bxc5 21. Rb1 Rb8 22. Ba5 Rfc8 23. Rxb8 Rxb8 24. Bc7 Rb7 25. Bxd6 Nc8 26. Bxe5 g4 27. hxg4 hxg4 28. Naxc5 Rb6 29. fxg4 Nxg4 30. Bxg7 Kxg7 31. Ne6+ Kf6 32. Rxf4+ Ke7 33. Rxg4 Rb1+ 34. Kh2 Nd6 35. Rg7+ Kf6 36. e5+ Kf5 37. Rg5+ Ke4 38. Ndc5+ Ke3 39. exd6 a5 40. d7 Rb8 41. d8=Q 1-0


[Site "https://www.chess.com"]

[Event "Titled Tuesday Blitz June 6 Early 2023"]
[White "Matinian, Nikita"]
[Black "cristianserban1"]
[WhiteFideId "24129100"]
[WhiteElo "2422"]
[BlackElo "2481"]
[Result "1-0"]
[Round "5"]
[TimeControl "180+2"]
[Date "2023.06.06"]
[WhiteClock "0:02:10"]
[BlackClock "0:00:36"]
[Board "80"]

1. e4 g6 2. d4 Bg7 3. Nc3 a6 4. g4 c6 5. Be3 d5 6. e5 h5 7. gxh5 Rxh5 8. Nge2 Bg4 9. Qd2 Bf3 10. Rg1 Rxh2 11. O-O-O e6 12. Rg3 Bxe2 13. Bxe2 Nh6 14. Bd3 Nd7 15. Rdg1 Nf8 16. Na4 Nf5 17. Bxf5 exf5 18. Nc5 Qc7 19. e6 fxe6 20. Bf4 Qf7 21. Qb4 Rh4 22. Nxb7 Qe7 23. Nd6+ Kd8 24. Qb6+ Qc7 25. Nf7+ 1-0


[Site "https://www.chess.com"]

[Event "Titled Tuesday Blitz June 6 Early 2023"]
[White "De La Colina, Nicolas"]
[Black "Mrithyunjay Mahadevan"]
[WhiteFideId "30946921"]
[BlackFideId "45003521"]
[WhiteElo "2046"]
[BlackElo "1626"]
[Result "1-0"]
[Round "5"]
[TimeControl "180+2"]
[Date "2023.06.06"]
[WhiteClock "0:00:13"]
[BlackClock "0:00:48"]
[Board "81"]

1. e4 e5 2. Nf3 Nc6 3. Bc4 Nf6 4. d3 h6 5. O-O d6 6. c3 g5 7. Bb3 Bg7 8. Na3 O-O 9. Nc4 a5 10. Ne3 Be6 11. h4 g4 12. Nh2 h5 13. Re1 d5 14. Qc2 d4 15. Nf5 Bxf5 16. exf5 Qd7 17. Nf1 Qxf5 18. Ng3 Qd7 19. Bg5 Nd5 20. Nxh5 f6 21. Bd2 Kh7 22. Nxg7 Kxg7 23. g3 Nb6 24. a4 Rad8 25. Rad1 Nd5 26. Bc1 f5 27. Bg5 Rde8 28. Qd2 Kh7 29. Re2 Qd6 30. Rde1 Nb6 31. Kh2 Nd7 32. Qc2 Nc5 33. Bc4 Nb8 34. cxd4 Qxd4 35. Be3 Qd6 36. Bxc5 Qxc5 37. Bg8+ Kxg8 38. Qxc5 1-0


[Site "https://www.chess.com"]

[Event "Titled Tuesday Blitz June 6 Early 2023"]
[White "Samunenkov, Ihor"]
[Black "Ljukin, Sergei"]
[WhiteFideId "14187086"]
[BlackFideId "14102200"]
[WhiteElo "2457"]
[BlackElo "2312"]
[Result "1-0"]
[Round "5"]
[TimeControl "180+2"]
[Date "2023.06.06"]
[WhiteClock "0:00:05"]
[BlackClock "0:00:15"]
[Board "82"]

1. e4 e6 2. d4 d5 3. Nd2 Nf6 4. e5 Nfd7 5. Bd3 c5 6. c3 Nc6 7. Ne2 cxd4 8. cxd4 f6 9. exf6 Qxf6 10. Nf3 h6 11. O-O Bd6 12. h3 O-O 13. Nc3 Rd8 14. Re1 Nf8 15. Bb1 Bd7 16. Qb3 Na5 17. Qc2 Nc6 18. Nb5 Bb8 19. Be3 a6 20. Nc3 Be8 21. Qb3 b5 22. a4 b4 23. Ne2 Bh5 24. Nd2 Bxe2 25. Rxe2 Nxd4 26. Bxd4 Qxd4 27. Nf3 Qf4 28. Ba2 Bd6 29. g3 Qf6 30. Rd1 a5 31. Nd4 Rac8 32. Nxe6 Nxe6 33. Qxd5 Bc7 34. Qxe6+ Qxe6 35. Bxe6+ Kh8 36. Rc1 Re8 37. Bxc8 Rxe2 38. Rxc7 Rxb2 39. Ra7 Ra2 40. Rxa5 b3 41. Kg2 b2 42. Rb5 Rxa4 43. Rxb2 Rc4 44. Bf5 g5 45. Rb6 Kg7 46. Rg6+ Kf7 47. Be6+ Kxg6 48. Bxc4 1-0


[Site "https://www.chess.com"]

[Event "Titled Tuesday Blitz June 6 Early 2023"]
[White "Martinez Ramirez, Lennis"]
[Black "Ismayil, Malak"]
[WhiteFideId "3509079"]
[BlackFideId "13412604"]
[WhiteElo "2410"]
[BlackElo "1868"]
[Result "1-0"]
[Round "5"]
[TimeControl "180+2"]
[Date "2023.06.06"]
[WhiteClock "0:00:06"]
[BlackClock "0:00:03"]
[Board "83"]

1. c4 e5 2. Nc3 Nf6 3. Nf3 Nc6 4. d4 exd4 5. Nxd4 Bb4 6. g3 O-O 7. Bg2 h6 8. O-O Bxc3 9. bxc3 Re8 10. Bf4 Ne5 11. c5 Ng6 12. Be3 Ne4 13. Nb3 d6 14. cxd6 Nxd6 15. Bd4 Bg4 16. Re1 a6 17. h3 Be6 18. a4 Qd7 19. Nc5 Qc8 20. Nxe6 Qxe6 21. e4 Rad8 22. Qb1 b6 23. f4 Qc4 24. Kh2 Ne7 25. Bf1 Qc6 26. Bxa6 Ra8 27. Bb5 Nxb5 28. Qxb5 Qxb5 29. axb5 Rxa1 30. Rxa1 Nc8 31. e5 Ne7 32. Ra7 Rc8 33. g4 Nd5 34. Kg3 Kf8 35. f5 Ke7 36. Kf3 Ke8 37. Ke4 Ne7 38. h4 c6 39. bxc6 Nxc6 40. Rb7 Na5 41. Rxb6 Nc4 42. Rb7 Nd2+ 43. Kd5 Nf3 44. h5 Ng5 45. Kd6 Rd8+ 46. Kc5 Ne4+ 47. Kc6 Rc8+ 48. Kd5 Ng5 49. e6 Rd8+ 50. Ke5 Nf3+ 51. Ke4 Ng5+ 52. Ke5 Nf3+ 53. Kf4 Nxd4 54. exf7+ Kf8 55. cxd4 Rxd4+ 56. Kg3 Rd3+ 57. Kf4 Rd1 58. Ke5 Re1+ 59. Kf4 Re2 60. f6 Rf2+ 61. Ke4 Rxf6 62. Ke5 Rxf7 63. Rb8+ Ke7 64. Rg8 Kd7 65. Ke4 Ke6 66. Re8+ Kf6 67. Kf4 Ra7 68. Rb8 Ra4+ 69. Kg3 Kg5 70. Rb5+ Kf6 71. Rf5+ Ke6 72. Kh4 Ra3 73. Rf1 Rb3 74. Rf2 Rc3 75. Rf8 Ke7 76. Rf4 Re3 77. Rd4 Ke6 78. Ra4 Kf6 79. Ra7 Rf3 80. Ra6+ Kf7 81. Rg6 Re3 82. g5 Re4+ 83. Kg3 hxg5 84. Rxg5 Re6 85. Rf5+ Kg8 86. Ra5 Kh7 87. Kg4 Kh6 88. Ra8 Re4+ 89. Kf5 g6+ 90. Kxe4 Kxh5 91. Kf4 g5+ 92. Kf5 1-0


[Site "https://www.chess.com"]

[Event "Titled Tuesday Blitz June 6 Early 2023"]
[White "Tomaszewski, Kacper"]
[Black "Veiga, Jose Francisco R P Neves"]
[WhiteFideId "1127373"]
[BlackFideId "1930087"]
[WhiteElo "2211"]
[BlackElo "2319"]
[Result "0-1"]
[Round "5"]
[TimeControl "180+2"]
[Date "2023.06.06"]
[WhiteClock "0:00:10"]
[BlackClock "0:00:08"]
[Board "84"]

1. e4 c6 2. Nf3 g6 3. Nc3 Bg7 4. d4 d5 5. exd5 cxd5 6. Bb5+ Bd7 7. Bd3 Nf6 8. Ne5 O-O 9. Nxd7 Qxd7 10. Ne2 Nc6 11. O-O e5 12. dxe5 Nxe5 13. Be3 Rfe8 14. Bd4 Qg4 15. Bxe5 Rxe5 16. Ng3 Qe6 17. Re1 Re8 18. Rxe5 Qxe5 19. Rb1 h5 20. h3 Nd7 21. Nf1 Nc5 22. Nh2 Ne4 23. Nf3 Qf4 24. c3 Be5 25. Qc1 Ng5 26. Qxf4 Bxf4 27. Nd4 Ne6 28. Re1 Kg7 29. g3 Bd2 30. Re2 Bg5 31. h4 Bf6 32. Nb5 a6 33. Nd6 Re7 34. Nc8 Rc7 35. Nd6 Re7 36. Nc8 Rd7 37. Nb6 Rd8 38. Bc2 d4 39. cxd4 Bxd4 40. Na4 b5 41. Nc3 Bxc3 42. bxc3 Rc8 43. Bb3 Kf6 44. Bxe6 fxe6 45. Re3 Rc5 46. Kf1 e5 47. Ke2 Kf5 48. Kd3 g5 49. Rf3+ Kg4 50. Re3 gxh4 51. Re4+ Kf3 52. Rxh4 Kxf2 53. Rxh5 Kxg3 54. Rh6 a5 55. Ra6 a4 56. Ra5 Kf3 57. c4 bxc4+ 0-1


[Site "https://www.chess.com"]

[Event "Titled Tuesday Blitz June 6 Early 2023"]
[White "Domingo Nunez, Ruben"]
[Black "Horak, Martin"]
[WhiteFideId "22245570"]
[BlackFideId "367095"]
[WhiteElo "2404"]
[BlackElo "2091"]
[Result "1-0"]
[Round "5"]
[TimeControl "180+2"]
[Date "2023.06.06"]
[WhiteClock "0:00:20"]
[BlackClock "0:00:01"]
[Board "85"]

1. Nf3 Nf6 2. c4 e6 3. b3 d5 4. g3 Be7 5. Bg2 O-O 6. O-O c5 7. Nc3 Nc6 8. Bb2 d4 9. Nb1 e5 10. d3 h6 11. a3 Re8 12. Bc1 Bf5 13. Nfd2 Bf8 14. Ne4 Nxe4 15. dxe4 Be6 16. Nd2 Qd7 17. Qc2 Rad8 18. Qd3 a5 19. Rb1 b6 20. Rd1 g6 21. Nf3 Bg7 22. Bd2 Rf8 23. b4 axb4 24. axb4 b5 25. cxb5 c4 26. bxc6 Qxc6 27. Qc2 f5 28. Nh4 Qe8 29. b5 Ra8 30. b6 c3 31. Bc1 Ra2 32. Bb2 Rxb2 33. Rxb2 cxb2 34. Qxb2 f4 35. Rb1 g5 36. Nf5 Kh7 37. b7 Qb8 38. Qb6 Re8 39. Qc6 Bf7 40. Bh3 Bf8 41. Qf6 Kg8 42. Nxh6+ Bxh6 43. Qxh6 Re7 44. Qxg5+ Kf8 45. Qh6+ Kg8 46. Bf5 Be6 47. Bxe6+ 1-0


[Site "https://www.chess.com"]

[Event "Titled Tuesday Blitz June 6 Early 2023"]
[White "Papayan, Oleg"]
[Black "Chernobay, Artem"]
[WhiteFideId "4193911"]
[BlackFideId "4167406"]
[WhiteElo "2167"]
[BlackElo "2474"]
[Result "1-0"]
[Round "5"]
[TimeControl "180+2"]
[Date "2023.06.06"]
[WhiteClock "0:00:30"]
[BlackClock "0:00:02"]
[Board "86"]

1. e4 e6 2. d4 d5 3. Nc3 Nc6 4. e5 f6 5. Nf3 fxe5 6. Nxe5 Nxe5 7. dxe5 Ne7 8. Bg5 c5 9. Nb5 Qb6 10. Nd6+ Kd7 11. Bd3 h6 12. Be3 g5 13. O-O Bg7 14. b4 Bxe5 15. Bxc5 Qc7 16. Nf7 Bxh2+ 17. Kh1 Rf8 18. Bb5+ Nc6 19. Bxf8 Ke8 20. Bxh6 Bf4 21. Nxg5 Kd7 22. Qh5 Qe5 23. Rae1 Qf6 24. Rxe6 1-0


[Site "https://www.chess.com"]

[Event "Titled Tuesday Blitz June 6 Early 2023"]
[White "KorolDimitriy75"]
[Black "Gubajdullin, Alexei"]
[BlackFideId "4141202"]
[WhiteElo "2459"]
[BlackElo "2279"]
[Result "0-1"]
[Round "5"]
[TimeControl "180+2"]
[Date "2023.06.06"]
[WhiteClock "0:00:03"]
[BlackClock "0:00:58"]
[Board "88"]

1. d4 Nf6 2. c4 g6 3. Nc3 Bg7 4. e4 O-O 5. Nf3 d6 6. Be2 Na6 7. O-O e5 8. Re1 c6 9. Bf1 exd4 10. Nxd4 Nc5 11. f3 a5 12. Be3 Re8 13. Qd2 a4 14. Rad1 Qa5 15. Nc2 Nfd7 16. Qxd6 Ne6 17. Qd2 a3 18. b4 Qh5 19. c5 g5 20. Nd4 Be5 21. g3 Nxd4 22. Bxd4 Bxd4+ 23. Qxd4 Qxf3 24. e5 Qf5 25. Bd3 Qe6 26. Bc4 Qg6 27. Bd3 Qh6 0-1


[Site "https://www.chess.com"]

[Event "Titled Tuesday Blitz June 6 Early 2023"]
[White "Dinu, Dumitru-Daniel"]
[Black "Fiorito, Joaquin"]
[WhiteFideId "1208403"]
[BlackFideId "180173"]
[WhiteElo "2240"]
[BlackElo "2199"]
[Result "0-1"]
[Round "5"]
[TimeControl "180+2"]
[Date "2023.06.06"]
[WhiteClock "0:00:02"]
[BlackClock "0:00:38"]
[Board "89"]

1. e4 c5 2. b3 Nc6 3. Bb2 e5 4. Bb5 d6 5. f4 exf4 6. Nf3 Nf6 7. O-O Be7 8. e5 dxe5 9. Nxe5 O-O 10. Nxc6 bxc6 11. Bxc6 Ba6 12. Bxa8 Bxf1 13. Qxf1 Qxa8 14. Qxf4 Rd8 15. Nc3 Bd6 16. Qh4 Be5 17. Re1 Qb8 18. Qg5 Bd4+ 19. Kh1 h6 20. Qh4 Kh7 21. d3 Re8 22. Nd1 g5 23. Rxe8 Qxe8 24. Qg3 Qe2 25. Bxd4 cxd4 26. Nb2 Qf1# 0-1


[Site "https://www.chess.com"]

[Event "Titled Tuesday Blitz June 6 Early 2023"]
[White "Goroshkov, Maksym"]
[Black "Jovic, Stanoje"]
[WhiteFideId "14142716"]
[BlackFideId "905020"]
[WhiteElo "2322"]
[BlackElo "2236"]
[Result "0-1"]
[Round "5"]
[TimeControl "180+2"]
[Date "2023.06.06"]
[WhiteClock "0:00:51"]
[BlackClock "0:01:34"]
[Board "90"]

1. e4 c6 2. d4 d5 3. exd5 cxd5 4. c4 Nf6 5. Nc3 Nc6 6. Nf3 Bg4 7. cxd5 Nxd5 8. Bc4 e6 9. Be3 Be7 10. O-O O-O 11. h3 Bh5 12. g4 Bg6 13. Bxd5 exd5 14. Ne5 Rc8 15. f4 Be4 16. Nxe4 dxe4 17. d5 Nxe5 18. fxe5 Bc5 19. Bxc5 Rxc5 20. d6 Rxe5 21. Qd4 Qb6 22. Qxb6 axb6 23. Rad1 Rd8 24. Rd4 f6 25. Kf2 Kf7 26. Rfd1 e3+ 27. Ke2 Rd7 28. Rb4 b5 29. Rb3 Ke6 30. Rxe3 Rxd6 31. Rc1 Rc6 32. Ke1 0-1


[Site "https://www.chess.com"]

[Event "Titled Tuesday Blitz June 6 Early 2023"]
[White "Jiang, Brian"]
[Black "Perez, Maximiliano"]
[WhiteFideId "2627922"]
[BlackFideId "117234"]
[WhiteElo "2454"]
[BlackElo "2334"]
[Result "1/2-1/2"]
[Round "5"]
[TimeControl "180+2"]
[Date "2023.06.06"]
[WhiteClock "0:00:06"]
[BlackClock "0:00:12"]
[Board "91"]

1. c4 Nf6 2. Nc3 e6 3. g3 d5 4. d4 Bb4 5. Bg2 O-O 6. cxd5 exd5 7. Nf3 c6 8. O-O Re8 9. Qc2 Bg4 10. Ne5 Bh5 11. Bf4 Nbd7 12. Rfe1 Nxe5 13. Bxe5 Bg6 14. Qb3 a5 15. a3 Bxc3 16. bxc3 b5 17. a4 bxa4 18. Rxa4 Ne4 19. Qb2 f6 20. Bf4 Nd6 21. Bxd6 Qxd6 22. Rea1 Reb8 23. Qa3 Qc7 24. c4 Bc2 25. cxd5 Bxa4 26. Qxa4 Rb4 27. Qxb4 axb4 28. Rxa8+ Kf7 29. dxc6 Kg6 30. Ra4 Qb6 31. d5 b3 32. Rc4 b2 33. Be4+ f5 34. Bb1 Qc7 35. Rc2 Kf6 36. Rxb2 Ke5 37. Rb7 Qa5 38. c7 Qc5 39. Ba2 Kd6 40. Kg2 g5 41. c8=Q Qxc8 42. Rxh7 Qc2 43. Rh6+ Kd7 44. Ra6 Qxe2 45. Ra7+ Kd6 46. Ra4 g4 47. Rf4 Ke5 48. Bb1 Kxd5 49. Bxf5 Ke5 50. Bxg4 Qe1 51. Bf3 Qc3 52. Re4+ Kf5 53. h4 Kg6 54. Rg4+ Kh6 55. Rf4 Qb2 56. Be4 Qa1 57. Bf3 Qb2 58. g4 Qe5 59. Kg3 Kg6 60. Bg2 Kh6 61. Bh3 Qd6 62. g5+ Kg6 63. Bg4 Qe5 64. f3 Qd6 65. Bh3 Qe5 66. Bf1 Kh5 67. Bh3 Kg6 68. Bf5+ Kh5 69. Be4 Qd6 70. Bf5 Qe5 71. Bg4+ Kg6 72. Bc8 Qe1+ 73. Kg4 Qg1+ 74. Kh3 Qh1+ 75. Kg3 Qg1+ 76. Kh3 Qh1+ 77. Kg3 Qe1+ 78. Kh3 Qh1+ 1/2-1/2


[Site "https://www.chess.com"]

[Event "Titled Tuesday Blitz June 6 Early 2023"]
[White "Manukyan, Sargis A."]
[Black "Hristodoulou, Panagiotis"]
[WhiteFideId "13303970"]
[BlackFideId "4214340"]
[WhiteElo "2187"]
[BlackElo "2272"]
[Result "0-1"]
[Round "5"]
[TimeControl "180+2"]
[Date "2023.06.06"]
[WhiteClock "0:00:06"]
[BlackClock "0:02:09"]
[Board "92"]

1. d4 Nf6 2. c4 e6 3. Nc3 Bb4 4. a3 Bxc3+ 5. bxc3 O-O 6. e3 d6 7. Bd3 Nbd7 8. Ne2 e5 9. O-O Re8 10. Bb1 b6 11. Ng3 Ba6 12. Qa4 Bb7 13. f4 exf4 14. exf4 Ne4 15. Qc2 Ndf6 16. Nf5 Qd7 17. Ne3 Re7 18. d5 Rae8 19. g4 Nxg4 20. Ng2 a5 21. f5 Ba6 22. f6 Ngxf6 23. Rxf6 Nxf6 24. Bg5 Qg4 25. Ra2 Qxg5 26. h4 Qg3 27. Qf2 Re1+ 0-1


[Site "https://www.chess.com"]